 Dungeon Crawl Stone Soup version 0.19.0-19-g8c6edcc (webtiles) character file.

2548 dvd the Basher (level 9, -2/85 HPs)
             Began as a Troll Berserker on Nov 13, 2016.
             Was a Priest of Trog.
             Slain by a killer bee (10 damage)
             ... on level 7 of the Dungeon.
             The game lasted 00:15:06 (5011 turns).

dvd the Basher (Troll Berserker)                    Turns: 5011, Time: 00:15:07

Health: -2/85      AC:  5    Str: 27    XL:     9   Next: 30%
Magic:  8/8        EV: 12    Int:  4    God:    Trog [***...]
Gold:   138        SH:  0    Dex: 11    Spells: 0 memorised, 8 levels left

rFire  + . .     SeeInvis +     G - +2 war axe (drain)
rCold  . . .     Gourm    +     b - +0 animal skin
rNeg   . . .     Faith    .     (no shield)
rPois  .         Spirit   .     (helmet restricted)
rElec  .         Reflect  .     (no cloak)
rCorr  .         Harm     .     (gloves unavailable)
MR     ++...                    (boots unavailable)
Stlth  +.........               o - amulet of magic regeneration
                                t - ring of protection from fire
                                m - ring of see invisible

@: lethally poisoned (-2 -> -2), regenerating
A: unfitting armour, claws 3, fast metabolism 3, gourmand, regeneration 1,
shaggy fur 1, tough skin 2
a: Berserk, Trog's Hand, Burn Spellbooks, Renounce Religion


You were on level 7 of the Dungeon.
You worshipped Trog.
Trog was most pleased with you.
You were very full.

You visited 2 branches of the dungeon, and saw 8 of its levels.

You collected 138 gold pieces.

Inventory:

Hand Weapons
 a - a +0 morningstar
 x - a +0 mace
 y - a +0 hand axe of holy wrath
 A - a +0 war axe
 E - a +0 giant spiked club
 G - a +2 war axe of draining (weapon)
Missiles
 I - 3 poisoned javelins (quivered)
Armour
 b - a +0 animal skin (worn)
 n - a +0 shield
Jewellery
 m - a ring of see invisible (left claw)
 o - an amulet of magic regeneration (around neck)
 t - a ring of protection from fire (right claw)
Wands
 L - a wand of flame (17/48)
Scrolls
 d - 3 scrolls of identify
 e - a scroll of magic mapping {unknown}
 f - 3 scrolls of remove curse
 g - a scroll of random uselessness {unknown}
 i - 2 scrolls of enchant weapon
 k - 2 scrolls of recharging {unknown}
 r - a scroll of immolation {unknown}
 B - a scroll of blinking {unknown}
 C - 2 scrolls of noise {unknown}
Potions
 h - 2 potions of haste {unknown}
 j - a potion of cancellation {unknown}
 p - 2 potions of lignification {unknown}
 q - a potion of mutation {unknown}
 u - a potion of agility {unknown}
 v - 3 potions of ambrosia
 w - 4 potions of curing
 z - a potion of magic {unknown}
 D - a potion of resistance {unknown}
 H - 3 potions of degeneration {unknown}
 J - 2 potions of might {unknown}
 M - a potion of flight {unknown}
 O - a potion of heal wounds {unknown}
Comestibles
 c - 6 bread rations
 l - 3 meat rations
 s - a beef jerky
 F - a slice of pizza
 K - 7 chunks of flesh
 N - a royal jelly


   Skills:
 + Level 4.7 Fighting
 + Level 1.4(4.8) Axes
 + Level 8.0(8.1) Maces & Flails
 + Level 1.5 Throwing
 + Level 5.8 Dodging
 + Level 0.5 Stealth
 + Level 3.3 Shields


You had 8 spell levels left.
You didn't know any spells.

Dungeon Overview and Level Annotations

Branches:
Dungeon (7/15)             Temple (1/1) D:4

Altars:
Ashenzari
Cheibriados
Dithmenos
Elyvilon
Fedhas
Gozag
Hepliaklqana
Kikubaaqudgha
Makhleb
Nemelex Xobeh
Okawaru
Qazlal
Ru
Sif Muna
Trog
Uskayaw
Xom
Yredelemnul
Zin
The Shining One

Shops:
D:7 }


Innate Abilities, Weirdness & Mutations

You are too large for most types of armour.
You have claws for hands.
Your metabolism is lightning-fast.
You like to eat raw meat.
Your natural rate of healing is unusually fast.
You are covered in fur. (AC +1)
You have very tough skin. (AC +2)


Message History

* * * LOW HITPOINT WARNING * * *
You are poisoned.
The killer bee poisons you! The killer bee misses you.
The killer bee barely misses you.
Unknown command.
As you read the scroll labeled LEATTE FUYG, it crumbles to dust.
It is a scroll of enchant weapon.
Your +1 war axe of draining glows red for a moment.
You feel sick.
The killer bee stings you but does no damage.
The killer bee barely misses you. The killer bee stings you!
* * * LOW HITPOINT WARNING * * *
The killer bee closely misses you. The killer bee stings you.
* * * LOW HITPOINT WARNING * * *
The killer bee closely misses you.
Your skin crawls.
You feel resistant to hostile enchantments.
You feel somewhat less full.
You feel sick. The killer bee closely misses you. The killer bee stings you!
You die...

#### ..... .....
.....[ ###y.....
#yyy..... #@# .(. #y#
.($. # #####O#.y...
####### #......y...#
##....# #.....?.$....
##..(.# #.........##.
##....######.........#
..................##.#
.................)..>#


You could see an ogre and 5 killer bees.

Vanquished Creatures
  A hippogriff (D:7)
  Sigmund (D:4)
  Menkaure (D:6)
  Duvessa (D:4)
  5 ogres
  A centaur (D:6)
  2 bullfrogs
  Blork the orc (D:5)
  A wyvern zombie (D:6)
  Dowan (D:4)
  A vampire bat (D:4)
  3 howler monkeys
  A crimson imp (D:6)
  2 centaur zombies
  6 hounds
  2 bullfrog skeletons
  3 centaur skeletons
  4 orc priests
  3 orc wizards
  Natasha (thrice) (D:3)
  4 worker ants
  A killer bee zombie (D:6)
  A worker ant zombie (D:6)
  11 adders
  A shadow imp (D:6)
  An ooze (D:6)
  3 worms
  3 dart slugs
  3 leopard geckos
  17 orcs
  2 bat zombies (D:4)
  6 giant cockroaches
  2 goblins
  9 hobgoblins
  8 jackals (D:4)
  3 kobolds
  A quokka (D:4)
  3 ball pythons
  11 bats
  4 frilled lizards
  A leopard gecko skeleton (D:4)
  5 rats
  A rat zombie (D:4)
144 creatures vanquished.

Notes
Turn   | Place    | Note
-------+----------+-------------------------------------------
     0 | D:1      | dvd the Troll Berserker began the quest for the Orb.
     0 | D:1      | Reached XP level 1. HP: 22/22 MP: 0/0
   277 | D:1      | Reached XP level 2. HP: 20/29 MP: 1/1
   624 | D:2      | Reached skill level 3 in Maces & Flails
   718 | D:2      | Reached XP level 3. HP: 29/36 MP: 2/2
  1006 | D:2      | Found a basalt altar of Yredelemnul.
  1006 | D:2      | Found a faded altar of an unknown god.
  1012 | D:2      | Found a faded altar of an unknown god.
  1014 | D:2      | Found a faded altar of an unknown god.
  1016 | D:2      | Found a faded altar of an unknown god.
  1219 | D:3      | Noticed Natasha
  1224 | D:3      | Killed Natasha
  1224 | D:3      | Reached ** piety under Trog
  1224 | D:3      | Reached XP level 4. HP: 30/44 MP: 3/3
  1280 | D:3      | Found a bloodstained altar of Trog.
  1448 | D:3      | Found a shadowy altar of Dithmenos.
  1449 | D:3      | Found a stormy altar of Qazlal.
  1451 | D:3      | Found a deep blue altar of Sif Muna.
  1469 | D:3      | Reached skill level 4 in Maces & Flails
  1469 | D:3      | Reached XP level 5. HP: 52/52 MP: 4/4
  1470 | D:3      | Noticed Natasha
  1486 | D:3      | Killed Natasha
  1575 | D:3      | Noticed Natasha
  1589 | D:3      | Killed Natasha
  2057 | D:4      | Reached skill level 1 in Shields
  2057 | D:4      | Reached XP level 6. HP: 59/61 MP: 5/5
  2180 | D:4      | Noticed Sigmund
  2189 | D:4      | Killed Sigmund
  2278 | D:4      | Reached XP level 7. HP: 59/67 MP: 6/6
  2284 | D:4      | Found a staircase to the Ecumenical Temple.
  2291 | Temple   | Entered the Ecumenical Temple
  2420 | D:4      | Reached *** piety under Trog
  2423 | D:4      | Found an ancient bone altar of Kikubaaqudgha.
  2477 | D:4      | Noticed Duvessa
  2477 | D:4      | Noticed Dowan
  2488 | D:4      | Killed Duvessa
  2488 | D:4      | Reached skill level 5 in Maces & Flails
  2519 | D:4      | Killed Dowan
  2941 | D:5      | Entered Level 5 of the Dungeon
  3234 | D:5      | Reached XP level 8. HP: 48/76 MP: 7/7
  3237 | D:5      | Reached skill level 6 in Maces & Flails
  3499 | D:5      | Reached skill level 5 in Dodging
  3742 | D:5      | Noticed Blork the orc
  3755 | D:5      | Killed Blork the orc
  3815 | D:6      | Received a gift from Trog
  3876 | D:6      | Noticed Menkaure
  3881 | D:6      | Killed Menkaure
  3881 | D:6      | Reached skill level 7 in Maces & Flails
  4356 | D:6      | Reached XP level 9. HP: 81/85 MP: 8/8
  4612 | D:6      | Found a sparkling altar of Nemelex Xobeh.
  4697 | D:6      | Reached **** piety under Trog
  4785 | D:7      | Found Nuicriot's Gadget Boutique.
  4822 | D:7      | Reached skill level 8 in Maces & Flails
  4822 | D:7      | Reached skill level 1 in Throwing
  4830 | D:7      | Reached skill level 1 in Axes
  5011 | D:7      | Slain by a killer bee

Skill      XL: |  1  2  3  4  5  6  7  8  9 |
---------------+----------------------------+-----
Maces & Flails | 3 4 5 7 8 |  8.0
Dodging        | 3 4 5 |  5.8
Fighting       | 3 4 |  4.7
Shields        | 1 2 3 |  3.3
Throwing       | 1 |  1.5
Axes           | 1 |  1.4
Stealth        | |  0.5

Action                   |  1- 3 |  4- 6 |  7- 9 || total
-------------------------+-------+-------+-------++-------
Melee: Mace              |   108 |   171 |   183 ||   462
       Morningstar       |       |       |    76 ||    76
       Giant spiked club |       |       |    33 ||    33
       Hand axe          |       |       |     3 ||     3
       War axe           |       |       |    27 ||    27
Throw: Javelin           |       |       |    23 ||    23
       Tomahawk          |       |       |     4 ||     4
Invok: Berserk           |     1 |     3 |     5 ||     9
       Trog's Hand       |       |       |     4 ||     4
       Brothers in Arms  |       |       |     1 ||     1
  Use: Scroll            |       |       |     3 ||     3
       Potion            |       |       |     1 ||     1
 Stab: Distracted        |       |       |     1 ||     1
  Eat: Chunk             |    18 |    14 |    32 ||    64
Armor: Animal skin       |    36 |   121 |    81 ||   238
Dodge: Dodged            |    48 |   110 |   200 ||   358
Block: Shield            |     7 |   111 |   111 ||   229
